cohdb
Replays
Latest Replays
All Replays
Popular Replays
Top Player Replays
Match Explorer
How It Works
Community
CoH3 Stats
Reddit
Sign in to upload your games and track your stats! →
Sign in with Steam
Match 40258832
Unlisted
Match 40258832
Overview
Messages
Build Orders
End
Pioneer Squad
Construct Infanterie Kompanie
MG 42 Machine Gun Team
Selects Terror Battlegroup
Selects Machine Gun Camouflage
MG 42 Machine Gun Team
MG 42 Machine Gun Team
Construct Luftwaffe Kompanie
221 Scout Car
Jäger Squad
Jäger Squad
Support Elements
Wirbelwind Flakpanzer
Medical Station
Jäger Squad
Selects Defend the Fatherland
Construct Panzer Kompanie
Sturmpanzer IV Brummbär
Stoßtruppen Squad
Panzer IV Medium Tank
Selects King Tiger Heavy Tank
Marder III M Tank Destroyer
Selects Contempt for the Weak
King Tiger Heavy Tank
Adrian Calu
DibbeTC
0
0
Comments
sign in to comment!
No comments posted yet!